 Dungeon Crawl Stone Soup version 0.30-a0-241-g1121274140 (webtiles) character file.

Game seed: 6044464237012807469

337 funkygono the Digger (level 6, -2/32 HPs)
             Began as a Gargoyle Earth Elementalist on Oct 10, 2022.
             Slain by an orc
             ... wielding a +0 dagger
              (4 damage)
             ... on level 4 of the Dungeon.
             The game lasted 00:05:32 (3142 turns).

funkygono the Digger (Gargoyle Earth Elementalist)  Turns: 3142, Time: 00:05:32

Health: -2/32      AC:  8    Str: 12    XL:     6   Next: 54%
Magic:  10/12      EV: 12    Int: 17    God:
Gold:   162        SH:  0    Dex: 10    Spells: 7/13 levels left

rFire   . . .      SeeInvis .    f - +0 whip
rCold   . . .      Faith    .    (no shield)
rNeg    + . .      Spirit   .    a - +0 robe
rPois   ∞          Reflect  .    (no helmet)
rElec   +          Harm     .    e - +1 cloak
rCorr   .          Rampage  .    (no gloves)
Will    .....                    (no boots)
Stlth   ++........               d - amulet of magic regeneration
HPRegen 0.25/turn                (no ring)
MPRegen 0.53/turn                (no ring)

@: no status effects
A: sickness immunity, AC +4, negative energy resistance 1, electricity
resistance, torment resistance 1, petrification resistance
a: no special abilities


You were on level 4 of the Dungeon.
You visited 1 branch of the dungeon, and saw 4 of its levels.

You collected 162 gold pieces.

Inventory:

Hand Weapons
 f - a +0 whip (weapon)
 o - a +0 mace
Armour
 a - a +0 robe (worn)
 e - a +1 cloak (worn)
 g - an orb of guile
Jewellery
 d - an amulet of magic regeneration (around neck)
Wands
 h - a wand of digging (5)
Scrolls
 i - a scroll of magic mapping {unknown}
 n - a scroll of enchant armour
Potions
 b - a potion of magic
 c - a potion of heal wounds
 j - 2 potions of attraction
 k - a potion of mutation
 l - a potion of lignification {unknown}
 m - a potion of might
 p - a potion of cancellation
 q - a potion of berserk rage {unknown}


   Skills:
 + Level 0.1 Fighting
 + Level 0.4 Maces & Flails
 + Level 1.8 Dodging
 - Level 2.1 Stealth
 + Level 4.1 Spellcasting
 * Level 2.0 Conjurations
 + Level 0.7 Transmutations
 + Level 6.2 Earth Magic


You had 7 spell levels left.
You knew the following spells:

 Your Spells              Type           Power      Damage    Failure   Level
a - Sandblast             Erth           48%        2d12      1%          1
b - Passwall              Tmut/Erth      12%        N/A       5%          2
c - Stone Arrow           Conj/Erth      34%        3d9       9%          3

Your spell library contained the following spells:

 Spells                   Type           Power      Damage    Failure   Level
 Petrify                  Tmut/Erth      15%        N/A       36%         4
 Anguish                  Hex/Necr       1%         N/A       83%         4
 Enfeeble                 Hex            1%         N/A       100%        7


Dungeon Overview and Level Annotations

Branches:
Dungeon (4/15)
 Temple: D:4-7

Altars:
Kikubaaqudgha
The Shining One


Innate Abilities, Weirdness & Mutations

You are immune to sickness and miasma.
Your stone body is resilient. (AC +4)
You are immune to poison.
You resist negative energy. (rN+)
You are resistant to electric shocks. (rElec)
You are resistant to unholy torment.
You are immune to petrification.


Message History

Confirm with . or Enter, or press ? or * to list all spells.
Aiming: Sandblast (safe; 1% risk of failure)
Press: ? - help, Shift-Dir - straight line, f/p - orc priest
Aim: an orc priest, wielding a +0 hand axe (almost dead, 83% to hit)
The blast of sand misses the orc priest.
The orc priest barely misses you. Something hits you.
The orc hits you but does no damage.
Unknown command.
Casting: Sandblast (safe; 1% risk of failure)
Confirm with . or Enter, or press ? or * to list all spells.
Aiming: Sandblast (safe; 1% risk of failure)
Press: ? - help, Shift-Dir - straight line, f/p - orc priest
Aim: an orc priest, wielding a +0 hand axe (almost dead, 83% to hit)
The blast of sand hits the orc priest!!
You kill the orc priest!
Something hits you but does no damage. The orc hits you with a +0 short sword.
The orc closely misses you.
You hear some strange, mumbled words.
A magic dart appears from out of thin air!
The magic dart hits you. The orc hits you but does no damage.
Casting: Sandblast (safe; 1% risk of failure)
Confirm with . or Enter, or press ? or * to list all spells.
Aiming: Sandblast (safe; 1% risk of failure)
Press: ? - help, Shift-Dir - straight line The orc closely misses you.
You hear some strange, mumbled words.
A magic dart appears from out of thin air!
The magic dart hits you. The orc hits you with a +0 short sword.
* * * LOW HITPOINT WARNING * * *
Casting: Sandblast (safe; 1% risk of failure)
Confirm with . or Enter, or press ? or * to list all spells.
Aiming: Sandblast (safe; 1% risk of failure)
Press: ? - help, Shift-Dir - straight line The orc barely misses you.
You hear some strange, mumbled words.
A puff of flame appears from out of thin air!
The puff of flame hits you!
* * * LOW HITPOINT WARNING * * *
The orc hits you but does no damage. The orc hits you with a +0 dagger.
You die...

############
#############..........#
............#.........(#
......o.....#..........#
.....)o@{...'..........#
###+####...##..........#
#.####...#.....##'####
#........#.....#......
#........#.....#......
#........#.....#......
#[.......#.....#......
#........#.....#......
#........#.....#......


You could see 2 orcs.

Vanquished Creatures
  A jelly (D:4)
  2 hounds (D:4)
  An orc priest (D:4)
  11 adders
  4 worms
  5 dart slugs
  8 orcs (D:4)
  10 endoplasms
  7 giant cockroaches
  9 goblins
  9 hobgoblins
  2 jackals (D:1)
  3 quokkas
  9 ball pythons
  5 bats
  2 frilled lizards (D:1)
  5 kobolds
  2 rats
95 creatures vanquished.

Notes
Turn   | Place    | Note
-------+----------+-------------------------------------------
     0 | D:1      | funkygono the Gargoyle Earth Elementalist began the quest
                  | for the Orb.
     0 | D:1      | Reached XP level 1. HP: 10/10 MP: 3/3
   137 | D:1      | Reached XP level 2. HP: 15/15 MP: 5/5
   164 | D:1      | Reached skill level 4 in Earth Magic
   283 | D:1      | Learned a level 2 spell: Passwall
   332 | D:1      | Reached XP level 3. HP: 19/19 MP: 7/7
   336 | D:1      | Learned a level 3 spell: Stone Arrow
  1003 | D:2      | Reached XP level 4. HP: 24/24 MP: 6/8
  1027 | D:2      | Reached skill level 1 in Conjurations
  1455 | D:2      | Found an ancient bone altar of Kikubaaqudgha.
  1728 | D:3      | Reached skill level 5 in Earth Magic
  1728 | D:3      | Reached XP level 5. HP: 28/28 MP: 8/10
  2158 | D:3      | Found a glowing golden altar of the Shining One.
  2863 | D:4      | Reached XP level 6. HP: 32/32 MP: 11/11
  2870 | D:4      | Reached skill level 6 in Earth Magic
  3142 | D:4      | Slain by an orc

Illustrated notes

Levels and vault maps discovered:
D:1:      matt_arrival_refuge, layout_basic, chequers_serial_rivers_small_a,
          minmay_tripent
D:2:      layout_basic, basic_altar
D:3:      layout_basic, nicolae_tso_swordbearing_angel
D:4:      layout_gridville

Skill      XL: |  1  2  3  4  5  6 |
---------------+-------------------+-----
Earth Magic    | 4 5 6 |  6.2
Spellcasting   | 3 4 |  4.1
Conjurations   | 1 2 |  2.0
Fighting       | |  0.1
Maces & Flails | |  0.4
Dodging        | |  1.8
Stealth        | |  2.1
Transmutations | |  0.7

Action                   |  1- 3 |  4- 6 || total
-------------------------+-------+-------++-------
Melee: Unarmed           |     1 |       ||     1
       Whip              |     7 |    32 ||    39
 Cast: Sandblast         |    55 |    81 ||   136
  Use: Scroll            |     1 |     9 ||    10
Armor: Robe              |     6 |    31 ||    37
Dodge: Dodged            |    12 |    36 ||    48

Table legend: (Time is in decaauts)
 A = Elapsed time spent in this place.
 B = Non-inter-level travel time spent in this place.
 C = Inter-level travel time spent in this place.
 D = Time resting spent in this place.
 E = Time spent auto-exploring this place.
 F = Levels seen in this place.
 G = Mean time per level.
                   A        B        C        D        E       F      G
               +--------+--------+--------+--------+--------+-----+--------+
         Total |   3212 |   3123 |     89 |     33 |   2465 |   4 |  803.0 |
       Dungeon |   3212 |   3123 |     89 |     33 |   2465 |   4 |  803.0 |
               +--------+--------+--------+--------+--------+-----+--------+

Top non-repeatable levels by time:
     D:2: 900 daAuts
     D:1: 802 daAuts
     D:3: 772 daAuts
     D:4: 737 daAuts
